[Event "Early-Titled-Tuesday-Blitz-September-12-2023"]
[Site "Chess.com"]
[Date "2023.09.12"]
[Round "4"]
[White "chess123456s"]
[Black "jup1978"]
[Result "0-1"]
[WhiteElo "2619"]
[BlackElo "2483"]
[TimeControl "180+1"]
[EndTime "8:36:20 PDT"]
[Termination "jup1978 won by resignation"]

1. e4 e5 2. Nf3 Nf6 3. d4 Nxe4 4. Bd3 d5 5. Nxe5 Nd7 6. Nc3 Nxc3 7. bxc3 Nxe5 8. dxe5 Bc5 9. O-O Be6 10. Rb1 Qd7 11.
Qf3 O-O-O 12. Be3 Qe7 13. a4 h5 14. h3 g5 15. Bxc5 Qxc5 16. Bf5 Rdg8 17. Bxe6+ fxe6 18. Qf7 Re8 19. Rb3 g4 20. h4 g3 21. Qf3 gxf2+ 22.
Qxf2 Qxf2+ 23. Rxf2 Ref8 24. Rb4 Rxf2 25. Kxf2 Rf8+ 26.
Kg3 Rf5 27. Rf4 Rxe5 28. Rf8+ Kd7 29. Kf4 Re4+ 30. Kg5 Rg4+ 31. Kxh5 Rxg2 32. Kh6 Rxc2 33. Rf3 Rh2 34. h5 e5 35. Kg6 e4 36. Rg3 c5 37. h6 Kd6 38. h7 d4 39. cxd4 cxd4 40. Kg7 e3 41. Rg6+ Kc5 42. Rh6 Rxh6 43. Kxh6 e2 44. h8=Q e1=Q 45. Qc8+ Kd6 46. Qxb7 Qe6+ 0-1

[Event "Early-Titled-Tuesday-Blitz-September-12-2023"]
[Site "Chess.com"]
[Date "2023.09.12"]
[Round "4"]
[White "marik_spb"]
[Black "IwkooO"]
[Result "1-0"]
[WhiteElo "2433"]
[BlackElo "2629"]
[TimeControl "180+1"]
[EndTime "8:36:25 PDT"]
[Termination "marik_spb won by resignation"]

1. e4 e6 2. d4 d5 3. e5 c5 4.
c3 Nc6 5. Nf3 Qb6 6. a3 Bd7 7.
b4 cxd4 8. cxd4 Nge7 9. Nc3 Nf5 10. Na4 Qd8 11. Be3 Be7 12. Bd3 Nxe3 13. fxe3 O-O 14. O-O b6 15. Rc1 f6 16. Qc2 h6 17.
exf6 Bxf6 18. Nc3 Rc8 19. Qd2 Qe7 20. Bb1 a5 21. Qd3 g5 22. b5 Nd8 23. Na4 Rb8 24. Rc7 Bxb5 25. Qg6+ Qg7 26. Rxg7+ Bxg7 27. Qh7+ Kf7 28. Ne5+ Ke8 29. Bg6+ Ke7 30. Qxg7+ Kd6 31. Qxf8+ 1-0

[Event "Early-Titled-Tuesday-Blitz-September-12-2023"]
[Site "Chess.com"]
[Date "2023.09.12"]
[Round "4"]
[White "supereagles1201"]
[Black "BeautiFullMindChess"]
[Result "1-0"]
[WhiteElo "2381"]
[BlackElo "2183"]
[TimeControl "180+1"]
[EndTime "8:36:25 PDT"]
[Termination "supereagles1201 won by resignation"]

1. c4 f5 2. g3 Nf6 3. Bg2 e6 4. Nc3 d5 5. Nf3 c6 6. O-O Bd6 7. d3 O-O 8. e4 fxe4 9. dxe4 Bc5 10. exd5 cxd5 11. cxd5 exd5 12. Bg5 d4 13. Bxf6 gxf6 14. Ne4 Bb6 15. Qb3+ Kh8 16. Nfd2 Nc6 17. Nc4 Bc7 18.
Rad1 f5 19. Nc5 f4 20. Nxb7 Qf6 21. Nc5 f3 22. Bh1 Be6 23. Qd3 Rad8 24. Nxe6 Qxe6 25. Bxf3 Rxf3 26. Qxf3 Qxc4 27. Rc1 Ne5 28. Qf6+ 1-0

[Event "Early-Titled-Tuesday-Blitz-September-12-2023"]
[Site "Chess.com"]
[Date "2023.09.12"]
[Round "4"]
[White "Mikhail_Golubev"]
[Black "Beca95"]
[Result "0-1"]
[WhiteElo "2590"]
[BlackElo "2959"]
[TimeControl "180+1"]
[EndTime "8:36:26 PDT"]
[Termination "Beca95 won on time"]

1. e4 e5 2. Nf3 Nf6 3. Nc3 Nc6 4. d4 Bb4 5. Nxe5 Bxc3+ 6. bxc3 Qe7 7. Nxc6 Qxe4+ 8. Be2 dxc6 9. O-O O-O 10. Re1 Qg6 11. Bf4 Nd5 12. Bd2 Bf5 13. Bh5 Bxc2 14. Bxg6 Bxd1 15.
Bd3 Bg4 16. c4 Nb6 17. Re7 Rac8 18. Bf4 Be6 19. Rc1 Rfd8 20. d5 cxd5 21. c5 Nd7 22. c6 bxc6 23. Rxc6 Kf8 24. Rexe6 fxe6 25. Bxh7 e5 26. Bg5 Nf6 27. Bf5 Rb8 28. Rxc7 d4 0-1

[Event "Early-Titled-Tuesday-Blitz-September-12-2023"]
[Site "Chess.com"]
[Date "2023.09.12"]
[Round "4"]
[White "Bugcrusher"]
[Black "krstulov_alex"]
[Result "1-0"]
[WhiteElo "2468"]
[BlackElo "2632"]
[TimeControl "180+1"]
[EndTime "8:36:27 PDT"]
[Termination "Bugcrusher won by resignation"]

1. d4 Nf6 2. c4 g6 3. Nc3 d5 4.
cxd5 Nxd5 5. e4 Nxc3 6. bxc3 Bg7 7. Bc4 c5 8. Be3 O-O 9. Ne2 Nc6 10. Rc1 Qc7 11. h4 cxd4 12. cxd4 Qa5+ 13. Kf1 Qh5 14.
f3 Na5 15. Ng3 Nxc4 16. Rxc4 Qb5 17. Qe2 b6 18. Rc1 Qa5 19. Kf2 Ba6 20. Qb2 f5 21.
exf5 gxf5 22. Nh5 f4 23. Nxf4 Qf5 24. Qb3+ Kh8 25. h5 e5 26. Ng6+ hxg6 27. hxg6+ Bh6 28. Bxh6 1-0

[Event "Early-Titled-Tuesday-Blitz-September-12-2023"]
[Site "Chess.com"]
[Date "2023.09.12"]
[Round "4"]
[White "Sammed_Shete"]
[Black "Rsnr"]
[Result "0-1"]
[WhiteElo "2701"]
[BlackElo "2925"]
[TimeControl "180+1"]
[EndTime "8:36:30 PDT"]
[Termination "Rsnr won by resignation"]

1. d4 Nf6 2. c4 e6 3. Nf3 d5 4. Nc3 Bb4 5. cxd5 exd5 6. Bg5 h6 7. Bxf6 Qxf6 8. e3 c6 9. Bd3 O-O 10. Qc2 Nd7 11. h3 Qe7 12. a3 Bd6 13. g4 Re8 14.
g5 hxg5 15. O-O-O Nf8 16. Rdg1 f6 17. e4 dxe4 18. Nxe4 Bf4+ 19. Kb1 Be6 20. h4 g4 21.
Nc5 Bd5 22. Rxg4 Bxf3 23. Bc4+ Kh8 24. Rxf4 Bxh1 25. Qf5 g6 26. Qh3 Bd5 27. Bd3 Qe1+ 28. Kc2 Re2+ 29. Bxe2 Qxe2+ 30. Kc1 Re8 31. Nd3 Be4 32.
h5 Qxd3 33. hxg6+ Qxh3 0-1

[Event "Early-Titled-Tuesday-Blitz-September-12-2023"]
[Site "Chess.com"]
[Date "2023.09.12"]
[Round "4"]
[White "GiorgianBarbosa"]
[Black "BlitzWizard04"]
[Result "0-1"]
[WhiteElo "2450"]
[BlackElo "2620"]
[TimeControl "180+1"]
[EndTime "8:36:30 PDT"]
[Termination "BlitzWizard04 won by resignation"]

1. c4 e6 2. g3 d6 3. Bg2 c6 4. Nf3 d5 5. b3 Nf6 6. O-O Be7 7. Bb2 O-O 8. d3 c5 9. Nbd2 Nc6 10. e3 b6 11. Qe2 Bb7 12. Rfd1 a5 13. d4 a4 14. cxd5 Nxd5 15. dxc5 a3 16. Be5 Nxe5 17.
Nxe5 Nc3 18. Qf1 Bxg2 19. Kxg2 Nxd1 20. Rxd1 Bxc5 21. Ne4 Qc8 22. Nd7 Rd8 23. Qd3 Be7 24. Qb5 Qb7 25. f3 Rac8 26. Rd2 Rc6 27. Ne5 Rxd2+ 28.
Nxd2 Rc2 29. Qe8+ Bf8 30. Nd7 Rxd2+ 0-1

[Event "Early-Titled-Tuesday-Blitz-September-12-2023"]
[Site "Chess.com"]
[Date "2023.09.12"]
[Round "4"]
[White "Srisshhhtea"]
[Black "SashaKuzhilniy"]
[Result "1-0"]
[WhiteElo "2433"]
[BlackElo "2624"]
[TimeControl "180+1"]
[EndTime "8:36:32 PDT"]
[Termination "Srisshhhtea won by resignation"]

1. d4 Nf6 2. c4 e5 3. dxe5 Ng4 4. Bf4 Nc6 5. Nf3 Bb4+ 6. Nc3 Bxc3+ 7. bxc3 Qe7 8. Qd5 f6 9. exf6 Nxf6 10. Qd3 d6 11. e3 O-O 12. Be2 Ne4 13. Nd4 Nc5 14. Qb1 Ne5 15.
O-O Kh8 16. Bg3 b6 17. a4 a5 18. Re1 Bb7 19. Bf1 Rae8 20. e4 Qf7 21. f4 Ng6 22. e5 Nxf4 23. exd6 Rxe1 24. Qxe1 cxd6 25. Rb1 Nxa4 26.
Bxf4 Qxf4 27. Ne6 Qf6 28. Nxf8 Qxf8 29. Qe6 Nc5 30. Qe3 a4 31. Rxb6 Qd8 32. Rxd6 Qc8 33. Qxc5 1-0

[Event "Early-Titled-Tuesday-Blitz-September-12-2023"]
[Site "Chess.com"]
[Date "2023.09.12"]
[Round "4"]
[White "Maus7"]
[Black "DKmirl"]
[Result "1-0"]
[WhiteElo "2496"]
[BlackElo "2270"]
[TimeControl "180+1"]
[EndTime "8:36:33 PDT"]
[Termination "Maus7 won by checkmate"]

1. e4 c5 2. Nf3 Nc6 3. Nc3 g6 4.
d4 cxd4 5. Nxd4 Bg7 6. Be3 Nf6 7. Bc4 O-O 8. Bb3 d6 9. f3 Nd7 10. h4 Nc5 11. h5 Nxb3 12. axb3 e6 13. hxg6 hxg6 14.
Qd2 Qf6 15. Nxc6 bxc6 16. Qxd6 Rd8 17. Qh2 Qe7 18. Qh7+ Kf8 19. Bh6 Bxh6 20. Qh8# 1-0

[Event "Early-Titled-Tuesday-Blitz-September-12-2023"]
[Site "Chess.com"]
[Date "2023.09.12"]
[Round "4"]
[White "tsaruk_maks"]
[Black "the-gambler"]
[Result "1-0"]
[WhiteElo "2766"]
[BlackElo "2542"]
[TimeControl "180+1"]
[EndTime "8:36:36 PDT"]
[Termination "tsaruk_maks won by resignation"]

1. e4 Nf6 2. e5 Nd5 3. d4 d6 4. Nf3 dxe5 5. Nxe5 c6 6. Bc4 Nd7 7. Nf3 N7f6 8. h3 g6 9. O-O Bg7 10. Re1 O-O 11. a4 a5 12. c3 Be6 13. Nbd2 Nc7 14.
Ne5 Bxc4 15. Ndxc4 Ncd5 16. Bd2 Qc7 17. Qb3 Rfb8 18.
Ne3 b5 19. axb5 Rxb5 20. Qa2 Rab8 21. N3c4 e6 22. Nd3 Nd7 23. Nxa5 Ra8 24. b4 c5 25.
Qc4 Rbxa5 26. Rxa5 Rxa5 27. bxa5 cxd4 28. Qxc7 Nxc7 29.
cxd4 Bxd4 30. Rc1 Na6 31. Rc6 Ndb8 32. Rd6 e5 33. Bh6 f5 34. Rf6 1-0

[Event "Early-Titled-Tuesday-Blitz-September-12-2023"]
[Site "Chess.com"]
[Date "2023.09.12"]
[Round "4"]
[White "Boxerandchessplayer"]
[Black "Aleksandar-Topalov"]
[Result "0-1"]
[WhiteElo "2106"]
[BlackElo "2339"]
[TimeControl "180+1"]
[EndTime "8:36:41 PDT"]
[Termination "Aleksandar-Topalov won on time"]

1. d4 e6 2. Nf3 f5 3. c4 Nf6 4. g3 Be7 5. Bg2 O-O 6. O-O d6 7. Nc3 Ne4 8. Ne1 Nxc3 9. bxc3 Nc6 10.
Nd3 e5 11. Bxc6 bxc6 12. dxe5 dxe5 13. Nxe5 Qe8 14. Nd3 Be6 15. Qa4 Bf6 16. Bf4 Bxc3 17.
Rac1 Bd4 18. Bxc7 g5 19. Be5 c5 20. Bxd4 Qxa4 0-1

[Event "Early-Titled-Tuesday-Blitz-September-12-2023"]
[Site "Chess.com"]
[Date "2023.09.12"]
[Round "4"]
[White "bardiya_Daneshvar"]
[Black "GaiozNigalidze"]
[Result "1-0"]
[WhiteElo "2938"]
[BlackElo "2723"]
[TimeControl "180+1"]
[EndTime "8:36:50 PDT"]
[Termination "bardiya_Daneshvar won by resignation"]

1. d3 d5 2. Nd2 Nf6 3. Nb3 e5 4. g3 Be7 5. Bg2 h5 6. h4 c6 7. Nh3 Bg4 8. Ng5 a5 9. Rb1 a4 10. Na1 Na6 11. c3 Nc5 12. Nc2 Qc7 13. Be3 Qa5 14.
Qd2 Qc7 15. O-O Ne6 16. Nxe6 Bxe6 17. Bg5 Ng4 18. Bxe7 Qxe7 19. Ne3 Nxe3 20. Qxe3 f6 21. Bf3 Bf7 22. b4 axb3 23. axb3 O-O 24. Ra1 Qc7 25. c4 d4 26. Qd2 Qe7 27. Be4 g6 28. b4 Kg7 29. b5 cxb5 30. cxb5 Rxa1 31. Rxa1 b6 32. Bc6 Be8 33. Qc2 Bf7 34. Ra6 Rb8 35.
Qa4 Qc5 36. Ra7 Rf8 37. Kg2 g5 38. Qa3 gxh4 39. Qxc5 bxc5 40. Bd5 Kg6 41. Bxf7+ 1-0

[Event "Early-Titled-Tuesday-Blitz-September-12-2023"]
[Site "Chess.com"]
[Date "2023.09.12"]
[Round "4"]
[White "DmitryMaximov"]
[Black "Shield12"]
[Result "0-1"]
[WhiteElo "2735"]
[BlackElo "2970"]
[TimeControl "180+1"]
[EndTime "8:36:50 PDT"]
[Termination "Shield12 won by resignation"]

1. e4 c5 2. Nf3 e6 3. c3 Nf6 4.
Bd3 d5 5. e5 Nfd7 6. Bc2 c4 7. b3 Nc6 8. Qe2 Qc7 9. bxc4 dxc4 10. Qxc4 Ndxe5 11. Nxe5 Qxe5+ 12. Kf1 Be7 13. d4 Qh5 14.
Qe2 Qxe2+ 15. Kxe2 b6 16. Be3 Bb7 17. Nd2 O-O 18. f3 Rac8 19. Bd3 Rfd8 20. Rhc1 e5 21. Bf5 Rc7 22. Nb3 Bf6 23. Rd1 exd4 24. cxd4 Re7 25.
Kf2 Nb4 26. Bd2 Nc6 27. Be3 a5 28. Rab1 Nb4 29. Nc1 g6 30. Bh3 Nd5 31. Bh6 Nc3 32. Nb3 Re2+ 33. Kg1 Nxb1 34. Rxb1 a4 35. Nc1 Bxd4+ 36.
Kf1 Rf2+ 37. Ke1 Re8+ 38. Kd1 Bc3 39. Nd3 Rd8 0-1

[Event "Early-Titled-Tuesday-Blitz-September-12-2023"]
[Site "Chess.com"]
[Date "2023.09.12"]
[Round "4"]
[White "LeoLV10"]
[Black "AleksandrAleksikov"]
[Result "1-0"]
[WhiteElo "2499"]
[BlackElo "2276"]
[TimeControl "180+1"]
[EndTime "8:36:50 PDT"]
[Termination "LeoLV10 won on time"]

1. e4 c5 2. Nf3 d6 3. d4 Nf6 4. Nc3 cxd4 5. Nxd4 a6 6. Bg5 Nbd7 7. Bc4 e6 8. Qe2 b5 9. Bb3 Nc5 10. O-O-O Bb7 11. e5 h6 12. Bh4 g5 13. exf6 gxh4 14. Bxe6 Qxf6 15. Bd5+ Qe5 16. Bxb7 Nxb7 17. Qf3 O-O-O 18.
Qc6+ Kb8 19. Qxa6 Qc5 20. Nc6+ Kc7 21. Nd5+ 1-0

[Event "Early-Titled-Tuesday-Blitz-September-12-2023"]
[Site "Chess.com"]
[Date "2023.09.12"]
[Round "4"]
[White "Bilan_Danila"]
[Black "BillieKimbah"]
[Result "0-1"]
[WhiteElo "2594"]
[BlackElo "3018"]
[TimeControl "180+1"]
[EndTime "8:36:51 PDT"]
[Termination "BillieKimbah won by resignation"]

1. d4 d5 2. Nf3 Nf6 3. c4 e6 4. Nc3 h6 5. cxd5 exd5 6. Bf4 Bd6 7. Bg3 O-O 8. e3 Re8 9. Bd3 c6 10. Qc2 Qe7 11. Bf5 Na6 12. a3 Nc7 13. O-O Bxg3 14.
hxg3 Bxf5 15. Qxf5 g6 16. Qc2 Kg7 17. b4 h5 18. a4 a6 19. Rab1 Rec8 20. a5 Nce8 21. Na4 Rd8 22. Nc5 Nd6 23. Rbe1 Rh8 24. Ne5 Nfe4 25.
Kh2 Qg5 26. Qe2 Rae8 27. Rd1 Nc3 28. Qf3 Nxd1 29. Qxf7+ Nxf7 0-1

[Event "Early-Titled-Tuesday-Blitz-September-12-2023"]
[Site "Chess.com"]
[Date "2023.09.12"]
[Round "4"]
[White "shimastream"]
[Black "baki83"]
[Result "1-0"]
[WhiteElo "2967"]
[BlackElo "2803"]
[TimeControl "180+1"]
[EndTime "8:36:53 PDT"]
[Termination "shimastream won by resignation"]

1. e4 c5 2. d4 cxd4 3. Qxd4 Nc6 4. Qd3 g6 5. Nc3 Bg7 6. Nf3 Nf6 7. Be2 O-O 8. O-O d6 9. Nd5 Nd7 10. c3 e6 11. Ne3 Nc5 12. Qc2 b6 13. Rd1 Qe7 14. Nc4 d5 15. exd5 exd5 16. Rxd5 Be6 17. Rd1 Bf5 18. Qd2 Rad8 19. Qe1 Rxd1 20. Qxd1 Rd8 21. Qf1 h6 22. Be3 Na4 23. Qc1 Be6 24. Ncd2 g5 25.
Bb5 g4 26. Bxa4 gxf3 27. Bxc6 1-0

[Event "Early-Titled-Tuesday-Blitz-September-12-2023"]
[Site "Chess.com"]
[Date "2023.09.12"]
[Round "4"]
[White "OchsenfroschGambit"]
[Black "KVAIDAN"]
[Result "1-0"]
[WhiteElo "2205"]
[BlackElo "2287"]
[TimeControl "180+1"]
[EndTime "8:36:53 PDT"]
[Termination "OchsenfroschGambit won by checkmate"]

1. d4 e6 2. c4 f5 3. Nc3 Nf6 4.
g3 Be7 5. Bg2 d6 6. Nf3 O-O 7.
O-O a5 8. Re1 Ne4 9. Qc2 Nxc3 10.
bxc3 Qe8 11. e4 Qg6 12. exf5 Rxf5 13. Ba3 Nc6 14. Rad1 Bd7 15. d5 exd5 16. cxd5 Ne5 17.
Nxe5 dxe5 18. Bxe7 Qf7 19. Ba3 b5 20. d6 c6 21. Bc5 Rf8 22. Be4 Rh5 23. Qe2 g6 24. Be3 g5 25. Bg2 g4 26. c4 bxc4 27. Rc1 Qe6 28.
Qxc4 Rhf5 29. Bxc6 Bxc6 30. Qxe6+ Kg7 31. Rxc6 R5f6 32. Rc7+ Kg6 33. Qxg4# 1-0

[Event "Early-Titled-Tuesday-Blitz-September-12-2023"]
[Site "Chess.com"]
[Date "2023.09.12"]
[Round "4"]
[White "temus_galaktionov"]
[Black "Pingah9"]
[Result "1-0"]
[WhiteElo "2815"]
[BlackElo "2562"]
[TimeControl "180+1"]
[EndTime "8:36:56 PDT"]
[Termination "temus_galaktionov won by resignation"]

1. d4 g6 2. Nf3 Bg7 3. c4 f5 4. Nc3 Nf6 5. g3 O-O 6. Bg2 d6 7. O-O Nc6 8. d5 Ne5 9. Nxe5 dxe5 10.
e4 f4 11. c5 g5 12. b4 Kh8 13. Bb2 a6 14. Nb1 Qe8 15. Bxe5 Qg6 16. Nd2 Ng4 17. Bxg7+ Qxg7 18. Nf3 Ne5 19. Nxe5 Qxe5 20. Rc1 g4 21.
Re1 h5 22. Qd2 f3 23. Bf1 Kg7 24. Qc3 Kf6 25. h4 gxh3 26. Kh2 h4 27. Qxe5+ Kxe5 28. gxh4 Rf4 29. h5 Bg4 30. c6 b6 31. Bd3 a5 32.
b5 Rh8 33. Rg1 Rxh5 34. Rg3 Kd4 35. Bb1 Ke5 36. Rcg1 Rh4 37. Rd1 Bh5 38. Rdg1 Rhg4 39. Rxh3 Rxg1 40. Rxh5+ Kd4 41. Kxg1 Kc3 42. Re5 Kb2 43.
Rxe7 1-0

[Event "Early-Titled-Tuesday-Blitz-September-12-2023"]
[Site "Chess.com"]
[Date "2023.09.12"]
[Round "4"]
[White "thedjoker98"]
[Black "MarijaKuznecova"]
[Result "0-1"]
[WhiteElo "2622"]
[BlackElo "2412"]
[TimeControl "180+1"]
[EndTime "8:36:56 PDT"]
[Termination "MarijaKuznecova won by resignation"]

1. d4 Nf6 2. c4 c5 3. d5 b5 4.
cxb5 a6 5. bxa6 g6 6. Nc3 Bg7 7. a7 Rxa7 8. Nf3 O-O 9. e4 d6 10. Be2 Qa5 11. O-O Ba6 12. Bd2 Bxe2 13. Qxe2 Qa6 14. Qxa6 Nxa6 15. a3 Rb8 16. Rab1 c4 17. e5 Nd7 18. exd6 exd6 19. Bf4 Ne5 20. Nxe5 dxe5 21. Be3 Rab7 22. Na4 e4 23. Rfc1 Nc7 24. Rxc4 Nxd5 25. Rxe4 Ra8 26. Nc5 Rxb2 27. Rxb2 Bxb2 28. a4 Ba3 29. Nd7 Nc3 30. Nb6 Rd8 31. Rd4 Ne2+ 32.
Kf1 Nxd4 33. a5 Nb5 34. a6 Bb4 35. g4 Ba5 36. Nc4 Bc7 37. h4 Ra8 38. h5 Rxa6 39. hxg6 hxg6 40. f3 Ra2 41. Nd2 Ba5 42. Ke2 Bxd2 43.
Bxd2 Nd4+ 0-1

[Event "Early-Titled-Tuesday-Blitz-September-12-2023"]
[Site "Chess.com"]
[Date "2023.09.12"]
[Round "4"]
[White "Fh2411"]
[Black "BlueWizzard"]
[Result "0-1"]
[WhiteElo "2590"]
[BlackElo "2969"]
[TimeControl "180+1"]
[EndTime "8:36:58 PDT"]
[Termination "BlueWizzard won on time"]

1. d4 g6 2. c4 d5 3. cxd5 Nf6 4. h4 Bg7 5. Nc3 Nxd5 6. h5 c5 7. e3 Nc6 8. h6 Bf6 9. Ne4 cxd4 10. Nxf6+ exf6 11. exd4 O-O 12. Nf3 Qa5+ 13. Bd2 Qb6 14. Bc4 Re8+ 15. Kf1 Be6 16. b3 Rad8 17. Rh4 Nc7 18.
Be3 Nd5 19. Qc1 Nce7 20. Kg1 Nf5 21. Rh2 Ndxe3 22. fxe3 Bxc4 23. bxc4 Nxe3 24. c5 Qe6 25. Qb2 Qd5 26. Re1 Ng4 27. Rh4 f5 28. Rd1 Re4 29. Qd2 Rde8 30. Rh3 Re2 31. Qg5 f6 32.
Qf4 Ne3 0-1

[Event "Early-Titled-Tuesday-Blitz-September-12-2023"]
[Site "Chess.com"]
[Date "2023.09.12"]
[Round "4"]
[White "kidagent"]
[Black "Gogolev_Artemy"]
[Result "0-1"]
[WhiteElo "2209"]
[BlackElo "2403"]
[TimeControl "180+1"]
[EndTime "8:36:58 PDT"]
[Termination "Gogolev_Artemy won by resignation"]

1. e4 c5 2. Nf3 e6 3. d4 cxd4 4.
Nxd4 a6 5. Nc3 b5 6. a3 Bb7 7. g3 Nc6 8. Bg2 Nxd4 9. Qxd4 Rc8 10. O-O Rc4 11. Qd3 Qc8 12. Re1 Bc5 13. Be3 Nf6 14. b3 Bxe3 15. bxc4 Ba7 16. cxb5 Ng4 17. Nd1 axb5 18. h3 Ne5 19. Qxb5 Nc4 20. Rb1 Ba6 21. Qb4 d6 22. e5 O-O 23. exd6 Bc5 24. Qc3 e5 25.
Bd5 Bd4 26. Qf3 Nd2 0-1

[Event "Early-Titled-Tuesday-Blitz-September-12-2023"]
[Site "Chess.com"]
[Date "2023.09.12"]
[Round "4"]
[White "Arystanner"]
[Black "JiaHaoxiang"]
[Result "1-0"]
[WhiteElo "2839"]
[BlackElo "2598"]
[TimeControl "180+1"]
[EndTime "8:37:02 PDT"]
[Termination "Arystanner won by resignation"]

1. d4 d5 2. c4 c6 3. Nf3 Nf6 4.
e3 Bf5 5. Nc3 e6 6. Nh4 Bg6 7. Qb3 Qb6 8. Bd2 Nbd7 9. Nxg6 hxg6 10. Be2 Qc7 11. h3 Bd6 12. O-O-O dxc4 13. Qxc4 b5 14. Qd3 Nb6 15. Kb1 e5 16. dxe5 Bxe5 17. f4 Rd8 18. Qc2 Bxc3 19. Bxc3 Nbd5 20. Be5 Qb6 21. e4 Nb4 22. Rxd8+ Qxd8 23. Qc3 Qe7 24. a3 Nxe4 25. Qxb4 Qxb4 26. axb4 f6 27. Bd4 Kf7 28. Bf3 Nd2+ 29. Kc2 Nxf3 30. gxf3 Re8 31. Kd3 Rd8 32. Ra1 Ke6 33. Rxa7 Kf5 34. Rxg7 Kxf4 35. Rxg6 f5 36. Rxc6 Kxf3 37. Rc5 f4 38. Rxb5 Kg3 39. Rf5 f3 40. b5 Rd7 41. b6 Re7 42. b4 Rd7 43. b5 Re7 44. Kc4 Rd7 45. Kc5 Kg2 46.
h4 Kg3 47. h5 Kg4 48. Rf8 Rh7 49. h6 Kg3 50. Bg7 1-0

[Event "Early-Titled-Tuesday-Blitz-September-12-2023"]
[Site "Chess.com"]
[Date "2023.09.12"]
[Round "4"]
[White "Jaka_Brilej"]
[Black "Diaschess88"]
[Result "0-1"]
[WhiteElo "2444"]
[BlackElo "2652"]
[TimeControl "180+1"]
[EndTime "8:37:02 PDT"]
[Termination "Diaschess88 won by resignation"]

1. d4 Nf6 2. Bg5 Ne4 3. h4 d5 4. Nd2 Nxg5 5. hxg5 c5 6. c3 Nc6 7. dxc5 e6 8. g6 fxg6 9. e3 Bxc5 10. Bd3 Ne5 11.
Nb3 Bd6 12. Nf3 Nxd3+ 13. Qxd3 O-O 14. e4 dxe4 15. Qxe4 Bf4 16. Rd1 Qf6 17. Nc5 e5 18. Nd7 Bxd7 19. Rxd7 Rad8 20. Qxb7 Rxd7 21. Qxd7 Kh8 22.
Qd5 Qf5 23. Nh4 Qb1+ 24. Qd1 Qe4+ 25. Qe2 Bd2+ 26. Kf1 Qb1+ 0-1

[Event "Early-Titled-Tuesday-Blitz-September-12-2023"]
[Site "Chess.com"]
[Date "2023.09.12"]
[Round "4"]
[White "VOneChess"]
[Black "DanyKopy"]
[Result "0-1"]
[WhiteElo "2234"]
[BlackElo "2486"]
[TimeControl "180+1"]
[EndTime "8:37:03 PDT"]
[Termination "DanyKopy won by checkmate"]

1. e4 c5 2. Nf3 Nc6 3. d4 cxd4 4. Nxd4 e5 5. Nb5 d6 6. N1c3 a6 7. Na3 Be6 8. Bc4 b5 9. Bd5 Rc8 10. Bxc6+ Rxc6 11. Nd5 Bxd5 12. Qxd5 Rc5 13. Qd3 d5 14. Be3 d4 15. Bd2 Nf6 16. O-O Bd6 17. f4 O-O 18.
fxe5 Rxe5 19. Rae1 Rfe8 20. Rf4 Nd5 21. Rff1 Ne3 22.
Rf4 Qg5 23. Qxd4 Qxg2# 0-1

[Event "Early-Titled-Tuesday-Blitz-September-12-2023"]
[Site "Chess.com"]
[Date "2023.09.12"]
[Round "4"]
[White "Flaccidmoves"]
[Black "AnaKuchava"]
[Result "1/2-1/2"]
[WhiteElo "2475"]
[BlackElo "2226"]
[TimeControl "180+1"]
[EndTime "8:37:05 PDT"]
[Termination "Game drawn by repetition"]

1. d4 d5 2. c4 e6 3. Nc3 Be7 4. Nf3 Nf6 5. Bg5 O-O 6. e3 h6 7.
Bh4 b6 8. cxd5 Nxd5 9. Bxe7 Qxe7 10. Bd3 Bb7 11. O-O Nxc3 12. bxc3 c5 13. e4 Nd7 14. Qe2 Nf6 15. Rab1 Rac8 16. h3 cxd4 17. cxd4 Rfd8 18.
Rfc1 Qa3 19. Rxc8 Rxc8 20. e5 Nd5 21. Qe4 Rc1+ 22. Kh2 Rxb1 23. Bxb1 g6 24. Qg4 Qc1 25. Bxg6 fxg6 26. Qxg6+ Kf8 27. Qxe6 Qf4+ 28. Kg1 Qc1+ 29. Kh2 Qf4+ 30. Kg1 Qc1+ 31. Kh2 1/2-1/2

[Event "Early-Titled-Tuesday-Blitz-September-12-2023"]
[Site "Chess.com"]
[Date "2023.09.12"]
[Round "4"]
[White "elchacal664"]
[Black "FMStan15"]
[Result "0-1"]
[WhiteElo "2428"]
[BlackElo "2082"]
[TimeControl "180+1"]
[EndTime "8:37:06 PDT"]
[Termination "FMStan15 won by checkmate"]

1. e4 e6 2. d4 d5 3. Nc3 Bb4 4.
e5 c5 5. a3 Bxc3+ 6. bxc3 Qc7 7. Bd2 Ne7 8. Qg4 O-O 9. h4 cxd4 10. cxd4 Qxc2 11. Rc1 Qe4+ 12. Qxe4 dxe4 13. g4 Nbc6 14.
Ne2 Rd8 15. Be3 b6 16. Bg2 Bb7 17. Bxe4 Rac8 18. O-O Nd5 19. Nf4 Nxf4 20. Bxc6 Ne2+ 21.
Kh2 Rxc6 22. Rxc6 Bxc6 23. Re1 Nxd4 24. Kg3 Nb5 25. a4 Nc3 26. a5 bxa5 27. Bxa7 Ra8 28. Bc5 Ne4+ 29. Kh3 Nxc5 30. Rc1 a4 31. Rxc5 a3 32.
Rc1 a2 33. Ra1 Bd5 34. f4 Rb8 35. f5 Rb1 36. Rxa2 Bxa2 37. Kg3 Kf8 38. Kf4 Rb4+ 39. Kg5 h6+ 40. Kh5 exf5 41. gxf5 Bd5 42. f6 Bf3# 0-1

[Event "Early-Titled-Tuesday-Blitz-September-12-2023"]
[Site "Chess.com"]
[Date "2023.09.12"]
[Round "4"]
[White "Sadykov_Ramil"]
[Black "GMJustin"]
[Result "1-0"]
[WhiteElo "2562"]
[BlackElo "2258"]
[TimeControl "180+1"]
[EndTime "8:37:07 PDT"]
[Termination "Sadykov_Ramil won on time"]

1. e4 e5 2. Nf3 Nc6 3. Bc4 Nf6 4. Ng5 Bc5 5. Bxf7+ Ke7 6. Bb3 Rf8 7. O-O d6 8. d3 Bg4 9. Nf3 Nd4 10. Nbd2 Nh5 11. c3 Bxf3 12. Nxf3 Nxf3+ 13. gxf3 Nf4 14. d4 Bb6 15.
Kh1 Qe8 16. Rg1 Qh5 17. Rxg7+ Kf6 18. Rg4 Qh3 19. dxe5+ dxe5 20. Bxf4 exf4 21. e5+ Ke7 22. Rg7+ 1-0

[Event "Early-Titled-Tuesday-Blitz-September-12-2023"]
[Site "Chess.com"]
[Date "2023.09.12"]
[Round "4"]
[White "CristianS27"]
[Black "pirulillo"]
[Result "1-0"]
[WhiteElo "2513"]
[BlackElo "2301"]
[TimeControl "180+1"]
[EndTime "8:37:08 PDT"]
[Termination "CristianS27 won by resignation"]

1. e4 c5 2. Nf3 e6 3. d4 cxd4 4. Nxd4 Nf6 5. Nc3 Nc6 6. Ndb5 d6 7. Bf4 e5 8. Bg5 a6 9. Na3 b5 10. Bxf6 gxf6 11. Nd5 Bg7 12. g3 Ne7 13. Nxe7 Qxe7 14. Bg2 O-O 15. O-O Bb7 16. c3 f5 17. exf5 Bxg2 18. Kxg2 Qb7+ 19. Qf3 e4 20. Qg4 Kh8 21. Rfe1 d5 22. Nc2 Be5 23. Rad1 f6 24. Ne3 Rad8 25.
Qh4 b4 26. Ng4 bxc3 27. Nxe5 fxe5 28. bxc3 Rd6 29. Rxe4 Rxf5 30. Rb4 Qf7 31. g4 Rg6 32. Rdb1 Rfg5 33. Rb8+ Kg7 34. h3 h5 35. R1b7 Rxg4+ 36. hxg4 Rxg4+ 37. Qxg4+ hxg4 38. Kg3 1-0

[Event "Early-Titled-Tuesday-Blitz-September-12-2023"]
[Site "Chess.com"]
[Date "2023.09.12"]
[Round "4"]
[White "Al_Shima"]
[Black "Viacheslav92"]
[Result "1/2-1/2"]
[WhiteElo "2348"]
[BlackElo "2515"]
[TimeControl "180+1"]
[EndTime "8:37:09 PDT"]
[Termination "Game drawn by agreement"]

1. b3 Nf6 2. Bb2 g6 3. Bxf6 exf6 4. c4 Bg7 5. Nc3 O-O 6. g3 c6 7. Bg2 d6 8. e3 Nd7 9. d4 f5 10. Nge2 Nf6 11. O-O h5 12. h4 Re8 13. Qd3 Qe7 14.
Rac1 Ne4 15. Nf4 Bh6 16. Rfe1 Bd7 17. Bf3 Rad8 18. Kg2 Kg7 19. Re2 Nxc3 20. Qxc3 Bxf4 21. exf4 Qf6 22. Rce1 Rxe2 23. Rxe2 Re8 24. Re3 b6 25. Qe1 Rxe3 26. fxe3 c5 27. Qd2 Qe7 28. b4 Qe8 29. bxc5 dxc5 30. dxc5 bxc5 31. Qd6 Be6 32. Qxc5 Qa4 33.
Qd4+ Kg8 34. Qb2 Bxc4 35. a3 Qb5 36. Qxb5 Bxb5 37. Kf2 Kf8 38. Ke1 Ke7 39. Kd2 Kd6 40. Kc3 Kc5 41. Bd1 Bc4 42. Ba4 Be6 43. Be8 Ba2 44. Bd7 Bd5 45. Be8 1/2-1/2